[Event "Club Ajedrez Silla 60 Years 2022"]
[Site "Silla"]
[Date "2022.05.09"]
[Round "1.1"]
[White "Krasteva, Beloslava"]
[Black "Kotronias, Vasilios"]
[Result "0-1"]
[ECO "E90"]
[WhiteElo "2268"]
[BlackElo "2465"]
[Annotator "TA"]
[PlyCount "54"]
[EventDate "2022.05.09"]
[EventType "tourn"]
[EventCountry "ESP"]
[SourceTitle "playchess.com"]
[Source "ChessBase"]
[SourceQuality "1"]
[TimeControl "5400+30"]

1. d4 Nf6 2. c4 g6 3. Nc3 Bg7 4. e4 d6 5. h3 O-O 6. Be3 Na6 7. Nf3 e5 8. d5 Nc5 9. Nd2 a5 10. g4 c6 $1 {[%emt 0:00:23] The main line 10...c6 scores better than 10...Ne8.} 11. Qc2 {[%emt 0:01:07] E90: King's Indian: Classical: Early deviations and 6 h3.} a4 12. a3 Bd7 13. O-O-O {[%emt 0:01:21] White is slightly better.} Qa5 14. Kb1 Rfc8 15. f3 Rab8 16. Be2 cxd5 17. exd5 {[%emt 0:00:45] [#]} Qd8 $146 ({Predecessor:} 17... b6 18. Rdg1 e4 19. fxe4 b5 20. e5 dxe5 21. cxb5 Qa8 22. Rf1 Nb3 23. Rxf6 Nxd2+ 24. Qxd2 Bxf6 {½-½ (44) Hamitevici,V (2476)-Fedorov,A (2566) Kishinev 2019}) 18. h4 (18. Rh2 $14) 18... e4 $1 $15 19. Ndxe4 Ncxe4 {[%emt 0:03:19][%mdl 64] [#] Remove Defender} (19... Nfxe4 {seems wilder.} 20. fxe4 b5 21. cxb5 Nb3) 20. Nxe4 Nxe4 {[%emt 0:01:22][%mdl 64] Remove Defender} 21. Qxe4 (21. fxe4 b5 22. Bd4 bxc4 23. Bxg7 Kxg7 $17) 21... b5 22. cxb5 {[%emt 0:03:48] [#]} (22. Bd4 $1 $15) 22... f5 $1 $40 {[%emt 0:00:20][%mdl 128] Black wants a kill.} ({Don't take} 22... Bxb5 23. Bxb5 Rxb5 24. Bd4 $14) 23. Qf4 {[%emt 0:16:26] Hoping for Bd4.} Qe8 (23... Bxb5 $17 24. Bxb5 Rxb5) 24. Rd2 $2 {[%emt 0:14:59] Loses the game.} (24. b6 $11 fxg4 25. fxg4 (25. Ba6 Bf5+ 26. Ka1 Be5 $11)) 24... Be5 $19 25. Qxa4 Bxb5 26. Qa7 (26. Bxb5 Rxb5 27. b4) 26... Bxe2 ({Worse is} 26... Bxb2 27. Rxb2 Bxe2 28. Bd4 $11) 27. Rxe2 Qb5 {[%emt 0:00:34][%csl LRb2,LRd5,LRe2] Weighted Error Value: White=0.83/Black=0.08 (flawless)} 0-1

[Event "Club Ajedrez Silla 60 Years 2022"]
[Site "Silla"]
[Date "2022.05.09"]
[Round "1.2"]
[White "Salvador Lopez, Daniel"]
[Black "Granero Roca, Antonio"]
[Result "0-1"]
[ECO "A45"]
[WhiteElo "2134"]
[BlackElo "2340"]
[Annotator "TA"]
[PlyCount "80"]
[EventDate "2022.05.09"]
[EventType "tourn"]
[EventCountry "ESP"]
[SourceTitle "playchess.com"]
[Source "ChessBase"]
[SourceQuality "1"]
[TimeControl "5400+30"]

1. d4 Nf6 2. Bg5 Ne4 3. Bf4 c5 4. d5 d6 5. f3 Nf6 6. e4 g6 7. Nc3 Bg7 {[%emt 0:02:37] A45: Trompowsky Attack.} 8. Qd2 a6 9. a4 Qa5 {[%emt 0:02:22] White is slightly better.} 10. Nd1 {[%emt 0:04:34] [#]} Qc7 $146 (10... Qxd2+ $11 11. Kxd2 Nh5) ({Predecessor:} 10... Qxd2+ 11. Kxd2 b6 12. c4 Nbd7 13. Nh3 O-O 14. Nhf2 Nh5 15. Be3 e6 16. Nc3 Bd4 17. g4 {½-½ (17) Sonnenfeld,D (2064)-Mensch,E (2310) Baden 2017}) 11. Bh6 O-O 12. h4 e6 $1 13. h5 exd5 14. Bxg7 Kxg7 15. hxg6 fxg6 16. Qh6+ Kg8 17. Ne3 Qg7 (17... dxe4 $2 18. Bc4+ d5 19. Nxd5 Qg3+ 20. Kf1 Qf2+ 21. Kxf2 $18) (17... Rf7 $5 ) 18. Nxd5 ({White should try} 18. Qxg7+ $14 Kxg7 19. exd5 (19. Nxd5 Nxd5 20. exd5 Nd7 $11)) 18... Nxd5 19. Qxg7+ Kxg7 20. exd5 Nd7 21. O-O-O Rf4 22. b3 Nf6 23. Ne2 (23. Bd3 $14 {might be stronger.}) 23... Rf5 $11 24. Nc3 Bd7 25. Re1 Re8 (25... Nxd5 $2 26. Nxd5 Re8 27. Rxe8 Bxe8 28. Bc4 $18) 26. Bc4 Rfe5 27. Kd2 h5 28. Rxe5 (28. Rb1 {feels hotter.} R8e7 29. a5 Be8 30. Rhe1) 28... Rxe5 29. Re1 ({Better is} 29. f4 $11 Re8 30. Bd3) 29... Rxe1 $15 30. Kxe1 {[%emt 0:00:05][%mdl 4096] Endgame KBN-KBN} g5 (30... Kh6 $17) 31. Kd2 Kg6 32. Ke3 h4 33. Ne4 $2 {[%emt 0:01:53] [#] This move loses the game for White.} (33. a5 $15) 33... Nxe4 $19 34. Bd3 $2 (34. fxe4 Kf6 35. Bd3) 34... Kf6 35. fxe4 {[%emt 0:01:57] KB-KB} (35. Bxe4 $142 b6 36. Kf2) 35... a5 {[%emt 0:01:22] Black is clearly winning.} 36. Be2 Ke5 37. c4 Be8 38. Bf3 Bg6 39. g4 hxg3 40. Bg2 Bh5 {[%emt 0:00:37] Weighted Error Value: White=0.67/Black=0.10 (very precise)} 0-1

[Event "Club Ajedrez Silla 60 Years 2022"]
[Site "Silla"]
[Date "2022.05.09"]
[Round "1.3"]
[White "Petrov, Marian"]
[Black "Ilinca Ilinca, Felix Antonio"]
[Result "1-0"]
[ECO "B22"]
[WhiteElo "2456"]
[BlackElo "2165"]
[Annotator "TA"]
[PlyCount "49"]
[EventDate "2022.05.09"]
[EventType "tourn"]
[EventCountry "ESP"]
[SourceTitle "playchess.com"]
[Source "ChessBase"]
[SourceQuality "1"]
[TimeControl "5400+30"]

1. e4 c5 2. Nf3 e6 3. c3 Nf6 4. e5 Nd5 5. d4 d6 6. c4 {[%emt 0:03:35] B22: Sicilian: 2 c3.} Nc7 7. dxc5 {[%emt 0:03:53] White is more active.} dxc5 {[%emt 0:00:31] [#]} 8. Bd3 $146 {[%emt 0:03:38] White is better.} ({Predecessor:} 8. Qxd8+ Kxd8 9. Nc3 b6 10. Bg5+ Be7 11. O-O-O+ Ke8 12. Ne4 Bxg5+ 13. Nfxg5 Ke7 14. Nd6 {1-0 (49) Myall,I (2054)-Ewart,B (1889) Aberystwyth 2014}) 8... Nc6 {[%emt 0:03:55] [#]} 9. Qe2 (9. O-O $1 $16) 9... Be7 ({Black should play} 9... f5 $1 $14) 10. Nc3 O-O (10... Nd4 $16 {is a better defense.} 11. Nxd4 cxd4) 11. Qe4 $18 g6 12. Bh6 Re8 $2 (12... f5 {was necessary.} 13. exf6 Rxf6) 13. O-O-O Bd7 $2 (13... f5 14. Qf4 (14. exf6 Bxf6 15. Qe3 Qe7 $16) 14... Nd4) 14. h4 Nb4 15. Bb1 {[%emt 0:00:54] [#] Threatens to win with h5.} Qc8 (15... b5 $142 16. h5 bxc4 17. hxg6 hxg6 18. Qxc4 Ncd5 19. Nxd5 exd5) 16. h5 Rd8 17. hxg6 hxg6 18. Bg5 {[%emt 0:00:53] White mates.} Bc6 19. Qh4 Bxg5+ 20. Nxg5 Rxd1+ 21. Rxd1 Qe8 22. Qh7+ Kf8 23. Qh8+ Ke7 24. Qf6+ Kf8 25. Rh1 {[%emt 0:00:07] Weighted Error Value: White=0.09 (flawless) /Black=0.73} 1-0

[Event "Club Ajedrez Silla 60 Years 2022"]
[Site "Silla"]
[Date "2022.05.09"]
[Round "2.1"]
[White "Kotronias, Vasilios"]
[Black "Ilinca Ilinca, Felix Antonio"]
[Result "1-0"]
[ECO "B33"]
[WhiteElo "2465"]
[BlackElo "2165"]
[Annotator "TA"]
[PlyCount "133"]
[EventDate "2022.05.09"]
[EventType "tourn"]
[EventCountry "ESP"]
[SourceTitle "playchess.com"]
[Source "ChessBase"]
[SourceQuality "1"]
[TimeControl "5400+30"]

1. e4 c5 2. Nf3 e6 3. d4 cxd4 4. Nxd4 Nf6 5. Nc3 Nc6 6. Ndb5 d6 7. Bf4 e5 8. Bg5 a6 9. Na3 b5 10. Nd5 Be7 11. Bxf6 Bxf6 12. c4 b4 {[%emt 0:01:52] 12...0-0 is more advanced technology.} 13. Nc2 a5 14. g3 {[%emt 0:00:06] B33: Sicilian: Pelikan and Sveshnikov Variations.} O-O 15. Bg2 Be6 16. O-O {[%emt 0:01:00] The position is equal.} Rc8 17. Nxf6+ Qxf6 18. b3 Qe7 19. Qd2 {[%emt 0:02:15] [#]} Rfd8 $146 ({Predecessor:} 19... Kh8 20. Rad1 Rfd8 21. h3 Qb7 22. Kh2 a4 23. f4 f6 24. h4 Ra8 25. Ra1 Qb6 26. Bf3 Ra7 {1-0 (37) Borkowski,F (2314)-Gryniakow,J (2220) Mrzezyno 2010}) 20. h4 h6 21. Kh2 Rb8 22. Rae1 Rbc8 23. Re3 Rb8 24. Rd3 Rd7 25. Rd1 Rbd8 26. Bh3 Kh8 (26... Nb8 $11) 27. Qe3 Bxh3 28. Kxh3 Qe6+ 29. Kg2 Ne7 30. Qf3 f5 31. exf5 Nxf5 32. Qe4 Qg6 ({Black should try} 32... Rf7) 33. Ne3 Nxe3+ 34. Qxe3 Qf5 35. R1d2 a4 36. Rd5 axb3 37. axb3 Qg6 38. Qd3 Qe6 (38... e4 $16 39. Qe2 Re7) 39. Qe4 Qf7 40. Rb5 Qe6 41. Rxb4 d5 42. cxd5 Rxd5 43. Rxd5 Qxd5 44. Qxd5 Rxd5 $18 {[%emt 0:00:08][%mdl 4096] Endgame KR-KR} 45. Kf3 Kg8 46. Ke4 Rd2 47. f3 Re2+ 48. Kd3 Rf2 49. Ke3 Rb2 {[%emt 0:00:38] [#]} (49... Rg2 {keeps fighting.} 50. g4 g6) 50. h5 Kf7 51. Rb6 Rg2 52. g4 Rb2 53. b4 Rb1 54. Ke4 Re1+ 55. Kf5 Re3 56. Rb7+ Kf8 57. b5 Rxf3+ 58. Kxe5 Rg3 59. b6 {[%emt 0:04:00] [#] Ra7 would kill now.} Rxg4 60. Rc7 {[%emt 0:01:03] White mates.} Rb4 61. b7 Rb5+ 62. Kd4 Rb4+ 63. Kc3 Rb1 64. Rc8+ Ke7 65. b8=Q Rxb8 66. Rxb8 Kf6 67. Rb5 {[%emt 0:00:26] Weighted Error Value: White=0.07 (flawless) /Black=0.50} 1-0

[Event "Club Ajedrez Silla 60 Years 2022"]
[Site "Silla"]
[Date "2022.05.09"]
[Round "2.2"]
[White "Granero Roca, Antonio"]
[Black "Petrov, Marian"]
[Result "1/2-1/2"]
[ECO "D79"]
[WhiteElo "2340"]
[BlackElo "2456"]
[Annotator "TA"]
[PlyCount "40"]
[EventDate "2022.05.09"]
[EventType "tourn"]
[EventCountry "ESP"]
[SourceTitle "playchess.com"]
[Source "ChessBase"]
[SourceQuality "1"]
[TimeControl "5400+30"]

1. Nf3 Nf6 2. g3 g6 3. Bg2 Bg7 4. c4 c6 5. d4 d5 6. cxd5 cxd5 7. Ne5 O-O 8. Nc3 Nc6 9. Nxc6 bxc6 10. O-O Nd7 11. e4 e6 12. Be3 {[%emt 0:01:20] D79: Fianchetto Grünfeld: Symmetrical Variation (6 0-0 c6 7 cxd5 cxd5).} Rb8 {[%emt 0:01:02] [#]} 13. Qc2 $146 ({Predecessor:} 13. Qd2 Qb6 14. b3 Qb4 15. Rac1 c5 16. Rfd1 cxd4 17. Bxd4 e5 18. Bxa7 Ra8 19. Nxd5 Qxd2 20. Rxd2 Rxa7 {1-0 (36) Espinosa,G (1808)-Campos,A (2043) Rio de Janeiro 2021}) 13... Nb6 14. Rad1 {[%emt 0:02:48] White is slightly better.} Ba6 15. Rfe1 Nc4 16. Bc1 Nb6 17. Be3 Nc4 18. Bc1 Nb6 $1 19. Be3 Nc4 20. Bc1 Ra8 {[%emt 1:34:21] Weighted Error Value: White=0.18 (very precise) /Black=0.12 (very precise)} (20... Nb6 $11) 1/2-1/2

[Event "Club Ajedrez Silla 60 Years 2022"]
[Site "Silla"]
[Date "2022.05.09"]
[Round "2.3"]
[White "Krasteva, Beloslava"]
[Black "Salvador Lopez, Daniel"]
[Result "1-0"]
[ECO "D45"]
[WhiteElo "2268"]
[BlackElo "2134"]
[Annotator "TA"]
[PlyCount "63"]
[EventDate "2022.05.09"]
[EventType "tourn"]
[EventCountry "ESP"]
[SourceTitle "playchess.com"]
[Source "ChessBase"]
[SourceQuality "1"]
[TimeControl "5400+30"]

1. d4 d5 2. c4 c6 3. Nc3 Nf6 4. e3 e6 5. Nf3 Nbd7 6. Be2 Be7 7. O-O O-O 8. b3 b6 {[%emt 0:00:17] D45: Semi-Slav: 5 e3.} 9. Bb2 Bb7 10. a4 {[%emt 0:01:15] [#]} Rc8 $146 {[%emt 0:02:05] The position is equal.} ({Predecessor:} 10... Re8 11. Bd3 dxc4 12. bxc4 c5 13. Qe2 cxd4 14. exd4 Nf8 15. Rfd1 Ng6 16. g3 Rc8 {1-0 (50) Nestorovic,N (2469)-Sanchez,R (1970) Chess.com INT 2021}) 11. a5 bxa5 12. Qc2 ({White should play} 12. c5 $14) 12... c5 $15 13. Ne5 cxd4 14. exd4 Nxe5 15. dxe5 Nd7 16. Rfd1 (16. Nb5 $1 $11) 16... Qc7 (16... Bc5 $17 {White must now prevent ...Qh4.} 17. Na4 Bb4) 17. Nb5 $14 Qb6 {[%emt 0:01:55][%cal Ob6b5] And now ...Qxb5! would win.} 18. Qc3 (18. Nd6 $11) 18... Nxe5 $17 (18... Bh4 19. Qe3 $11) 19. c5 $2 {[%emt 0:18:54] [#]} (19. Rxa5 $2 Bf6 20. Qe1 Nxc4 $1 21. bxc4 Bxb2 $19) (19. Qxa5 $17 Qxa5 20. Rxa5) 19... Qd8 $2 20. Nxa7 $14 (20. Qxe5 Bf6 21. Qe3 Bxb2 $15) 20... Ra8 (20... d4 $2 21. Rxd4 (21. Nxc8 dxc3 22. Rxd8 Bxd8 $11) 21... Qc7 22. Nxc8 Qxc8 23. Rda4 $18 (23. Qxa5 Qc6 $14)) 21. Rxa5 ({Inferior is} 21. Qxe5 Bf6 22. Qf4 (22. Nc6 $2 Bxc6 23. Qe3 Bxb2 $19) 22... Bxb2 $17) 21... Bf6 $1 22. Qd2 (22. Qb4 $14) 22... Nc6 $2 (22... Qb8 $1 $11 {and Black has nothing to worry.} 23. Rda1 d4) 23. Nxc6 $18 Bxc6 24. Rxa8 Bxa8 25. b4 e5 (25... Bxb2 $142 26. Qxb2 Qc7) 26. b5 d4 27. c6 Qb6 28. Ra1 {[%emt 0:03:25][%cal Bd1a1,Ba1a6,Ba6a8][%mdl 32] White is clearly winning.} Be7 29. Ra6 Qb8 30. Qc2 h6 31. b6 Rc8 {[%emt 0:01:47] [#]} 32. Rxa8 $1 {[%emt 0:03:53][%mdl 512] Weighted Error Value: White=0.28 (precise) /Black=0.53} 1-0

[Event "Club Ajedrez Silla 60 Years 2022"]
[Site "Silla"]
[Date "2022.05.10"]
[Round "3.1"]
[White "Salvador Lopez, Daniel"]
[Black "Kotronias, Vasilios"]
[Result "0-1"]
[ECO "B13"]
[WhiteElo "2134"]
[BlackElo "2465"]
[Annotator "TA"]
[PlyCount "80"]
[EventDate "2022.05.09"]
[EventType "tourn"]
[EventCountry "ESP"]
[SourceTitle "playchess.com"]
[Source "ChessBase"]
[SourceQuality "1"]
[TimeControl "5400+30"]

1. d4 d5 2. Bf4 c5 3. e3 Nc6 4. Nf3 cxd4 5. exd4 Bg4 6. Be2 {[%emt 0:01:17] B13: Caro-Kann: Exchange Variation and Panov-Botvinnik Attack.} e6 7. c3 Bd6 8. Ne5 {[%emt 0:02:23] The position is equal.} Bxe5 9. Bxe5 Bxe2 10. Qxe2 {[%emt 0:00:09] [#]} f6 $146 ({Predecessor:} 10... Nxe5 11. Qxe5 Nf6 12. Nd2 Qb6 13. Nb3 O-O 14. O-O Nd7 15. Qe3 a5 16. Nd2 Rfc8 {½-½ (23) Sapan,A-Mokhov,A (1759) Omsk 2013}) 11. Bg3 Kf7 12. Nd2 h5 13. O-O Nge7 14. Rae1 Qd7 15. Nb3 {[%emt 0:00:19][%cal Bd2b3,Bb3c1,Bc1d3][%mdl 32] [#] Hoping for Nc5.} b6 {[%emt 0:00:04] Against Nc5} 16. Nc1 Nf5 17. Bf4 g5 18. Bd2 Nce7 19. Nd3 Ng6 20. f3 Rh7 {[%emt 0:15:12] Active counter play!} 21. Nf2 Rg8 22. Nh1 Rhg7 23. Ng3 Nxg3 24. hxg3 Rh7 25. f4 (25. Qd3 $11) 25... gxf4 ({Black should play} 25... g4 $1 $15) 26. Bxf4 $11 f5 27. Be5 Nxe5 28. Qxe5 h4 29. gxh4 Rxh4 30. Rf4 Rh5 31. Re2 b5 32. Rf3 Qe7 33. Rfe3 Re8 34. Rg3 Qf6 {[%emt 0:01:26] Inhibits Qg7+.} 35. Qc7+ Re7 36. Qb8 Qh8 {[%emt 0:00:08] Inhibits Qg8+.} 37. Qxb5 Rh1+ 38. Kf2 Qh2 {[%emt 0:08:01] ( -> ...Qg1+). Really sharp!} ({Don't play} 38... Qh4 39. Qb8 Qh8 40. Qf4 $16 (40. Qxh8 Rxh8 41. Rge3 Ree8 $16)) 39. Qd3 $2 {[%emt 0:03:30][%mdl 8192] [#]} (39. Qb8 $11 Qg1+ 40. Kf3 Qf1+ 41. Ke3 Qc1+ 42. Rd2 (42. Kf3 Rf1+ 43. Rf2 Qd1+ 44. Kf4 e5+ 45. dxe5 Qd2+ 46. Kxf5 Rxf2+ 47. Rf3 Rxg2 48. e6+ Rxe6 49. Qf8+ Kxf8 50. Kxe6+ Ke8 51. Kd6 Qxb2 52. Re3+ Kf8 53. Rf3+ Kg7 54. Rh3 Rg6+ 55. Kxd5 Qg2+ 56. Kc4 Qxh3 57. Kc5 Qxc3+ 58. Kd5 Rg4 59. Ke6 Qc6+ 60. Ke7 Re4+ 61. Kd8 Re8#) 42... Qe1+ 43. Re2 Qc1+ 44. Rd2 (44. Kf3 $2 Rf1+ 45. Rf2 Qd1+ 46. Kf4 e5+ 47. dxe5 Qd2+ 48. Kxf5 Rxf2+ 49. Rf3 Rxg2 50. e6+ Rxe6 $19) 44... Qe1+ 45. Re2 Qc1+) 39... Qg1+ 40. Kf3 Qf1+ {[%emt 0:00:06] Weighted Error Value: White=0.29 (precise) /Black=0.06 (flawless)} 0-1

[Event "Club Ajedrez Silla 60 Years 2022"]
[Site "Silla"]
[Date "2022.05.10"]
[Round "3.2"]
[White "Petrov, Marian"]
[Black "Krasteva, Beloslava"]
[Result "1-0"]
[ECO "B20"]
[WhiteElo "2456"]
[BlackElo "2268"]
[Annotator "TA"]
[PlyCount "87"]
[EventDate "2022.05.09"]
[EventType "tourn"]
[EventCountry "ESP"]
[SourceTitle "playchess.com"]
[Source "ChessBase"]
[SourceQuality "1"]
[TimeControl "5400+30"]

1. e4 c5 2. g3 d5 3. Nc3 d4 4. Nce2 Nc6 5. d3 e5 6. Bg2 {[%emt 0:00:14] B20: Sicilian: Unusual White 2nd moves.} g5 {[%emt 0:06:12] [#]} 7. c3 $146 ({Predecessor:} 7. h3 Be6 8. Nf3 h6 9. O-O Nge7 10. Ne1 Ng6 11. c3 Qd7 12. Kh2 Bd6 13. b4 cxb4 14. cxd4 exd4 {1-0 (57) Petras,M (2026)-Stolba,M (2050) Czech Republic 2016}) 7... Bd6 ({Better is} 7... Be7 $15) 8. cxd4 (8. Nf3 $142) 8... cxd4 $11 (8... Nxd4 9. Nf3 $14) 9. a3 h6 10. Nf3 Nge7 11. b4 b5 12. h4 (12. Bd2 $1 $11) 12... g4 $36 {[%emt 0:03:18][%mdl 2048] Black has strong initiative.} 13. Nh2 a5 14. O-O $2 (14. bxa5 $17 {was called for.} Qxa5+ 15. Bd2) 14... axb4 $19 15. f3 h5 (15... bxa3 16. Nxg4 Ng8 17. Nxe5 Bxe5 18. f4 $17) 16. fxg4 hxg4 17. Bg5 bxa3 {[%emt 0:02:26] Hoping for ...Be6.} ({Not} 17... Rxa3 18. Rb1) 18. Nc1 Qd7 19. Nb3 b4 20. Rc1 Na5 21. Rf6 Nec6 22. Rf5 $2 (22. Nxa5 {is a better chance.} Nxa5 23. Rxc8+ Rxc8 24. Nxg4) 22... Nxb3 23. Qxb3 Qe6 24. Qc2 Na5 25. Nxg4 {[%emt 0:02:20] Black must now prevent Bh3.} b3 26. Qd2 (26. Qf2 {is the only way for White.} b2 27. Rf1) 26... b2 27. Nf6+ Kd8 $2 (27... Kf8 $19 28. Bh6+ Ke7 29. Nd5+ Qxd5 $3 30. Bg5+ Ke8 31. Rxc8+ Rxc8 32. exd5 b1=Q+ 33. Rf1 Qb7 $1 34. Qxa5 Ra8) 28. Nd5+ $11 Ke8 29. Rcf1 {[%emt 0:02:16] Threatens to win with Rf6. The board is on fire.} Qxd5 30. exd5 Bxf5 31. Qf2 b1=Q $4 (31... Bg6 $11 32. Be4 (32. Qf6 $2 Kd7 $19) 32... Rf8) 32. Rxb1 $18 Nb3 33. Qxf5 a2 34. Rf1 Rf8 {[%emt 0:00:55] [#]} 35. Qf6 (35. Ra1 $142 $3 Rb8 (35... Nc1 36. Bh3) 36. Rxa2 Nc5 37. Bh3 Rg8 38. Ra7 f6 39. Qxf6 Rb1+ 40. Kh2) 35... a1=Q 36. Rxa1 (36. Qxd6 $142 f6 37. Qe6+ Kd8 38. d6 Qxf1+ 39. Bxf1 Ra7 {[#]} 40. Bh3 $1 Ra1+ 41. Kh2) 36... Rxa1+ {[%emt 0:00:21] White is clearly winning.} 37. Kh2 Kd7 {[%emt 0:00:23] Against Qd8+} 38. Bh6 Re8 39. Qxf7+ Re7 40. Qg8 {[%emt 0:00:21] Bg5 is the strong threat.} Kc7 41. Bg5 {[%emt 0:00:25] A strong pair of Bishops.} Rd7 42. h5 Kb7 43. h6 Ra8 44. h7 {[%emt 0:00:28] Weighted Error Value: White=0.46/Black=0.75} 1-0

[Event "Club Ajedrez Silla 60 Years 2022"]
[Site "Silla"]
[Date "2022.05.10"]
[Round "3.3"]
[White "Ilinca Ilinca, Felix Antonio"]
[Black "Granero Roca, Antonio"]
[Result "0-1"]
[ECO "B34"]
[WhiteElo "2165"]
[BlackElo "2340"]
[Annotator "TA"]
[PlyCount "72"]
[EventDate "2022.05.09"]
[EventType "tourn"]
[EventCountry "ESP"]
[SourceTitle "playchess.com"]
[Source "ChessBase"]
[SourceQuality "1"]
[TimeControl "5400+30"]

1. e4 c5 2. Nf3 Nc6 3. d4 cxd4 4. Nxd4 g6 5. Nc3 Bg7 6. Be3 Nf6 7. f3 O-O 8. Qd2 d5 9. Nxc6 bxc6 10. O-O-O {[%emt 0:01:47] 10.0-0-0 is better than 10.e5.} Be6 ({Black should try} 10... Qc7 $1 $15) 11. exd5 $11 {[%emt 0:04:30] B34: Sicilian: Accelerated Dragon with 5 Nc3: sidelines.} Nxd5 12. Bd4 Bxd4 13. Qxd4 {[%emt 0:00:19] The position is equal.} Qa5 14. Nxd5 cxd5 15. a3 Rab8 {[%emt 0:00:07] With the idea ...Rb7.} 16. h4 {[%emt 0:03:31][%cal Bh2h4,Bh4h5][%mdl 32] [#]} Qb6 $146 ({Predecessor:} 16... Rfc8 17. Bd3 Qb6 18. Qxb6 Rxb6 19. h5 Rcb8 20. hxg6 hxg6 21. b3 Rc6 22. Kd2 Kg7 {1-0 (59) Nadzamova,V (1927)-Rejniak,Z (1650) Kouty nad Desnou 2017}) 17. h5 Qxd4 18. Rxd4 g5 19. h6 f6 20. f4 gxf4 21. Rxf4 Bf7 22. Bd3 Bg6 23. Rd1 Rfd8 24. g4 Rb6 25. Bf5 Kf7 26. Rdf1 Rg8 27. b3 a6 28. R4f2 e6 29. Bd3 ({Of course not} 29. Bxg6+ Rxg6 30. g5 f5 $15) 29... Bxd3 30. Rxf6+ Ke7 31. cxd3 {[%emt 0:01:09] And now Rf7+ would win.} Rxb3 {[%emt 0:00:09] KRR-KRR} 32. Rf7+ Kd6 33. Rxh7 Rxg4 34. Rh1 Rxa3 {[%emt 0:02:03] [#] Strongly threatening ...Ra1+.} 35. Kb2 {[%emt 0:00:06] Against Ra1} Rxd3 {[%emt 0:00:11] aiming for ...Rg2+.} 36. Rg7 $2 (36. Rb7 $11 Rg2+ 37. Kb1) 36... Rxg7 {[%emt 0:28:25] Weighted Error Value: White=0.34/Black=0.08 (flawless)} 0-1

[Event "Club Ajedrez Silla 60 Years 2022"]
[Site "Silla"]
[Date "2022.05.10"]
[Round "4.1"]
[White "Kotronias, Vasilios"]
[Black "Granero Roca, Antonio"]
[Result "1/2-1/2"]
[ECO "C92"]
[WhiteElo "2465"]
[BlackElo "2340"]
[Annotator "TA"]
[PlyCount "84"]
[EventDate "2022.05.09"]
[EventType "tourn"]
[EventCountry "ESP"]
[SourceTitle "playchess.com"]
[Source "ChessBase"]
[SourceQuality "1"]
[TimeControl "5400+30"]

1. e4 e5 2. Nf3 Nc6 3. Bb5 a6 4. Ba4 Nf6 5. O-O b5 6. Bb3 Be7 7. Re1 O-O 8. h3 d6 9. c3 Bb7 10. d4 Re8 11. a4 Bf8 12. Nbd2 h6 13. Bc2 exd4 14. cxd4 Nb4 15. Bb1 c5 16. d5 g6 {[%emt 0:03:27] C92: Closed Ruy Lopez: 9...Be6, Karpov and Flohr-Zaitsev Variations.} 17. Nf1 Bg7 18. Bd2 Nd7 {[%emt 0:02:43] [#]} ({Black should play} 18... Nfxd5 $11 19. exd5 Rxe1 20. Nxe1 (20. Qxe1 Bxb2 21. Be4 Bxa1 $15) 20... Bxb2) 19. Qc1 $146 ({Predecessor:} 19. Bc3 Ne5 20. Nxe5 Bxe5 21. Qd2 Qf6 22. axb5 axb5 23. Rxa8 Rxa8 24. Bxb4 cxb4 25. Qxb4 Bxb2 26. Qxb5 {1-0 (53) Faizrakhmanov,R (2480)-Manukyan,A (2106) Chess.com INT 2022}) 19... Kh7 20. a5 Qf6 21. Bc3 Qe7 22. Bxg7 Kxg7 23. Ra3 Ne5 (23... Rad8 $14) 24. Nxe5 $16 Qxe5 25. Nh2 h5 {[%emt 0:06:38] Inhibits Ng4.} ({Black should try} 25... Qg5) 26. Nf3 (26. Rd1 $142) 26... Qf6 (26... Qe7 $142) 27. Rae3 (27. Rd1 $16) 27... Rac8 (27... Qf4 $14) 28. Qd2 (28. Qc3 $16) 28... Rc7 {[%emt 0:01:27] [#]} (28... Qf4 $1 $14) 29. Qc3 $1 Rce7 30. Kf1 Rc7 31. Rd1 Rce7 32. Ng5 $2 {[%emt 0:09:12] [#]} (32. Ke2 $16 {stays on course.}) 32... Nxd5 $1 33. Qxf6+ $15 Nxf6 34. Rxd6 Nxe4 (34... h4 {is more complex.} 35. Rb6 c4 36. Ke1 Rc7) 35. Bxe4 Bxe4 36. Nxe4 Rxe4 37. Rxa6 {[%emt 0:00:09] And now Rb6 would win.} Rxe3 38. fxe3 Rxe3 $17 {[%emt 0:01:00] KR-KR} 39. Rb6 Rb3 {[%emt 0:00:11] Black is better.} 40. a6 {[%emt 0:00:04] Threatens to win with a7.} Rxb2 41. a7 Ra2 {[%emt 0:00:07] Hoping for ...b4.} 42. Rxb5 Rxa7 {[%emt 0:00:07] Blacks defense is rewarded with a draw.  Weighted Error Value: White=0.34/Black=0.34} 1/2-1/2